[Event "Late-Titled-Tuesday-Blitz-February-20-2024"]
[Site "Chess.com"]
[Date "2024.02.20"]
[Round "4"]
[White "Mr_Heisenberg13"]
[Black "sergoy"]
[Result "1-0"]
[WhiteElo "2857"]
[BlackElo "2991"]
[TimeControl "180+1"]
[EndTime "14:38:17 PST"]
[Termination "Mr_Heisenberg13 won by checkmate"]

1. d4 Nf6 2. c4 e6 3. Nf3 d5 4.
Nc3 c6 5. e3 Nbd7 6. Qc2 Bd6 7.
Bd3 O-O 8. O-O dxc4 9. Bxc4 b5 10. Be2 Bb7 11. e4 e5 12. dxe5 Nxe5 13. Nd4 Neg4 14. Nf5 Bxh2+ 15. Kh1 Bb8 16. Bg5 h6 17. Bh4 Qc7 18.
f4 Bc8 19. e5 Bxf5 20. Qxf5 Ne3 21. Qh3 Nxf1 22. exf6 Nd2 23. fxg7 Re8 24. Bg5 Qd6 25. Bxh6 b4 26. Bd3 Qf6 27. Bh7+ Kxh7 28. Bg5+ Kxg7 29.
Bxf6+ Kxf6 30. Qh6+ Kf5 31. Qg5+ Ke6 32. Re1+ Kd7 33.
Qf5+ Kd8 34. Qf6+ Kc7 35. Qxf7+ Kb6 36. Rxe8 bxc3 37. bxc3 Kc5 38. Qf8+ Kc4 39. Rxb8 Rxb8 40. Qxb8 Ne4 41. Qg8+ Kxc3 42. f5 c5 43. f6 Nxf6 44.
Qg7 Kd2 45. Qxf6 c4 46. g4 c3 47. Qd4+ Kc2 48. g5 Kb2 49. g6 a5 50. g7 a4 51.
g8=Q Ka1 52. Qxc3+ Kb1 53. Qb4+ Kc2 54. Qxa4+ Kc3 55.
Qab3+ Kd2 56. Qg2+ Kc1 57. Qbb2+ Kd1 58. a4 Ke1 59. a5 Kd1 60. a6 Ke1 61. a7 Kd1 62. a8=N Ke1 63. Nc7 Kd1 64. Ne6 Ke1 65. Ng7 Kd1 66. Nf5 Ke1 67. Qbf2+ Kd1 68. Ne3+ Kc1 69. Qb2# 1-0

[Event "Late-Titled-Tuesday-Blitz-February-20-2024"]
[Site "Chess.com"]
[Date "2024.02.20"]
[Round "4"]
[White "rhungaski"]
[Black "DonJuanEGenaro"]
[Result "1-0"]
[WhiteElo "2605"]
[BlackElo "2116"]
[TimeControl "180+1"]
[EndTime "14:38:18 PST"]
[Termination "rhungaski won by resignation"]

1. e4 c5 2. Nf3 Nc6 3. d4 cxd4 4. Nxd4 e5 5. Nf5 d6 6. Ne3 Nf6 7. Nc3 Be6 8. Bd3 Be7 9. O-O Rc8 10. Re1 d5 11. exd5 Nxd5 12. Ncxd5 Bxd5 13. Bf5 Be6 14. Bxe6 fxe6 15. Qg4 O-O 16. Qxe6+ Kh8 17. c3 Rf6 18. Qd5 Qf8 19. Ng4 Rf5 20. f3 Rd8 21. Qe4 Bd6 22. Be3 h5 23. Nf2 Qf7 24. Rad1 Bc7 25. Rxd8+ Bxd8 26. Rd1 Bc7 27. Qd5 Qf8 28. Ne4 Bb6 29. Bxb6 axb6 30. Qe6 Nd8 31. Qc8 Rxf3 32. gxf3 Qxf3 33. Qxd8+ Kh7 34. Ng5+ Kg6 35. Nxf3 e4 36. Qg5+ 1-0

[Event "Late-Titled-Tuesday-Blitz-February-20-2024"]
[Site "Chess.com"]
[Date "2024.02.20"]
[Round "4"]
[White "OPQRC"]
[Black "Polstastisch"]
[Result "0-1"]
[WhiteElo "2513"]
[BlackElo "2383"]
[TimeControl "180+1"]
[EndTime "14:38:18 PST"]
[Termination "Polstastisch won on time"]

1. e4 c5 2. Nf3 d6 3. c3 Nf6 4.
Be2 Nc6 5. d4 cxd4 6. cxd4 Nxe4 7. d5 Qa5+ 8. Nc3 Nxc3 9. bxc3 Ne5 10. Nxe5 Qxc3+ 11. Bd2 Qxe5 12. O-O Bd7 13. Rc1 Qxd5 14. Bf3 Qxa2 15. Re1 Qa4 16. Qe2 Rb8 17. Bc3 e6 18. Bh5 Rg8 19. Bxf7+ Kxf7 20. Qh5+ g6 21. Qxh7+ Rg7 22.
Bxg7 Bxg7 23. Re3 Bc6 24. Rg3 Qe4 25. Rf3+ Qxf3 26. gxf3 Rh8 27. Qxh8 Bxh8 28. Kg2 a5 0-1

[Event "Late-Titled-Tuesday-Blitz-February-20-2024"]
[Site "Chess.com"]
[Date "2024.02.20"]
[Round "4"]
[White "ventdelest"]
[Black "Sacbutt"]
[Result "0-1"]
[WhiteElo "2097"]
[BlackElo "2304"]
[TimeControl "180+1"]
[EndTime "14:38:18 PST"]
[Termination "Sacbutt won by resignation"]

1. e4 c5 2. Nf3 d6 3. Bb5+ Bd7 4. Bxd7+ Qxd7 5. d3 Nf6 6. O-O Nc6 7. a4 g6 8. Re1 Qc7 9. Nbd2 Bg7 10. Nf1 O-O 11. Ng3 a6 12. c3 b5 13. h3 b4 14. Bd2 a5 15. Qc1 Rfe8 16. Bh6 Bh8 17. Nh4 e6 18. f4 Qe7 19. Nf3 e5 20. f5 Bg7 21.
Bxg7 Kxg7 22. Qg5 h6 23. Qe3 Rab8 24. Rf1 Rf8 25. Nh2 bxc3 26. bxc3 Rb3 27. Rac1 Kh7 28.
Rf2 g5 29. Ng4 Nxg4 30. hxg4 f6 31. Ne2 Rfb8 32. Qh3 Rb1 33. Rxb1 Rxb1+ 34. Kh2 Rb2 35. Kg3 Qf7 36. Kf3 d5 37. Rf1 dxe4+ 38. dxe4 Qc4 39.
Qh5 Qxe2+ 0-1

[Event "Late-Titled-Tuesday-Blitz-February-20-2024"]
[Site "Chess.com"]
[Date "2024.02.20"]
[Round "4"]
[White "abeljusto"]
[Black "gunslinger222"]
[Result "0-1"]
[WhiteElo "2080"]
[BlackElo "2296"]
[TimeControl "180+1"]
[EndTime "14:38:18 PST"]
[Termination "gunslinger222 won on time"]

1. d4 d5 2. Bf4 c5 3. dxc5 Nc6 4. Nf3 f6 5. Bd2 e5 6. b4 e4 7. Ng1 f5 8. e3 Nf6 9. c3 Be7 10. Na3 O-O 11. Ne2 Ne5 12. Nd4 Nfg4 13. h3 Nf6 14. Be2 a5 15. Qb3 b6 16. cxb6 Qxb6 17.
b5 a4 18. Qb2 Qc5 19. Nac2 Nd3+ 20. Bxd3 exd3 21. Nb4 Qc4 22. O-O Ne4 23. Nbc6 Bd6 24. f3 a3 25. Qc1 Ng3 26. Re1 Bd7 27. Qd1 Bc5 28. Qb3 Bxc6 29. Qxc4 dxc4 30. bxc6 Rac8 0-1

[Event "Late-Titled-Tuesday-Blitz-February-20-2024"]
[Site "Chess.com"]
[Date "2024.02.20"]
[Round "4"]
[White "Chesstrainer1"]
[Black "krzyzan94"]
[Result "0-1"]
[WhiteElo "2475"]
[BlackElo "2773"]
[TimeControl "180+1"]
[EndTime "14:38:19 PST"]
[Termination "krzyzan94 won by checkmate"]

1. e4 c5 2. Nf3 d6 3. d4 cxd4 4. Nxd4 Nf6 5. Nc3 a6 6. Be2 e5 7. Nb3 Be7 8. Be3 Be6 9. Nd5 Nxd5 10. exd5 Bf5 11. Qd2 O-O 12. O-O Nd7 13. Na5 Qc7 14. c4 Bg6 15. b4 f5 16. f4 exf4 17. Bxf4 Bf6 18. Rac1 Be5 19. c5 Rae8 20. c6 bxc6 21. Nxc6 Qb6+ 22. Kh1 Bxf4 23. Rxf4 Nf6 24. Bc4 Re4 25. a4 Rfe8 26. h3 Nh5 27. Rf3 f4 28. Bd3 Ng3+ 29. Kh2 Re3 30. Bxg6 Rxf3 31. Bxe8 Rf1 32.
Bd7 Qg1# 0-1

[Event "Late-Titled-Tuesday-Blitz-February-20-2024"]
[Site "Chess.com"]
[Date "2024.02.20"]
[Round "4"]
[White "dretch"]
[Black "campochess"]
[Result "1-0"]
[WhiteElo "2873"]
[BlackElo "2168"]
[TimeControl "180+1"]
[EndTime "14:38:20 PST"]
[Termination "dretch won by resignation"]

1. d4 Nf6 2. c4 e6 3. Nf3 b6 4. Nbd2 d5 5. e3 Bb7 6. Bd3 Be7 7. O-O O-O 8. b3 c5 9. Bb2 cxd4 10. exd4 Nc6 11. Qe2 Re8 12. Rfd1 Rc8 13. Rac1 Rc7 14. Bb1 Rd7 15. Ne5 Nxe5 16. dxe5 Ne4 17. Nxe4 dxe4 18. Rxd7 Qxd7 19. Bxe4 Bxe4 20. Qxe4 Qd2 21. Qc2 Rd8 22.
Kf1 Qh6 23. Rd1 Rxd1+ 24. Qxd1 Qxh2 25. Qd7 Qh1+ 26. Ke2 Qh5+ 27. f3 Bf8 28. Qxa7 h6 29. Qxb6 Qh1 30. Kf2 Qb1 31. Bd4 Qxa2+ 32. Kg3 Be7 33.
Qb8+ Kh7 34. Qb7 Qa3 35. Kh2 h5 36. b4 Qxb4 37. Qxb4 Bxb4 38. Bb6 Bc3 39. f4 g5 40.
fxg5 Bxe5+ 41. Kh3 Kg6 42. c5 Bd4 43. Ba7 Kxg5 44.
c6 Be5 45. Bb6 f5 46. c7 Bxc7 47. Bxc7 e5 48. Bxe5 1-0

[Event "Late-Titled-Tuesday-Blitz-February-20-2024"]
[Site "Chess.com"]
[Date "2024.02.20"]
[Round "4"]
[White "Cristi_Coca"]
[Black "alexrustemov"]
[Result "0-1"]
[WhiteElo "2387"]
[BlackElo "2869"]
[TimeControl "180+1"]
[EndTime "14:38:20 PST"]
[Termination "alexrustemov won by checkmate"]

1. e4 e6 2. d4 d5 3. Nc3 dxe4 4.
Nxe4 Bd7 5. c3 Bc6 6. Bd3 Nd7 7.
Nf3 Ngf6 8. Ng3 Be7 9. O-O O-O 10. a4 Bd5 11. Ne5 b6 12. a5 bxa5 13. Re1 c5 14.
Nxd7 Nxd7 15. c4 Bb7 16. d5 Bf6 17. Bf4 exd5 18. cxd5 g6 19. Nh5 Bd4 20. Bh6 Re8 21. Rxe8+ Qxe8 22. Qg4 Bxd5 23. Bb5 Be6 24. Qf3 Rb8 25.
Bxd7 Qxd7 26. Nf6+ Bxf6 27. Qxf6 Qd4 28. Qe7 Qxb2 29.
Rd1 Qd4 30. Re1 Qd8 31. Qxc5 Qh4 32. Be3 Qb4 33. Qe5 Qxe1# 0-1

[Event "Late-Titled-Tuesday-Blitz-February-20-2024"]
[Site "Chess.com"]
[Date "2024.02.20"]
[Round "4"]
[White "stasOR4ik"]
[Black "Phamtrangiaphuc2009"]
[Result "0-1"]
[WhiteElo "2448"]
[BlackElo "2328"]
[TimeControl "180+1"]
[EndTime "14:38:21 PST"]
[Termination "Phamtrangiaphuc2009 won on time"]

1. d4 Nf6 2. c4 e6 3. Nc3 Bb4 4. a3 Bxc3+ 5. bxc3 c5 6. Nf3 Nc6 7. e3 d6 8. Bd3 O-O 9. O-O e5 10. d5 Ne7 11. Nd2 Bd7 12. f4 Ng6 13. Bxg6 hxg6 14. fxe5 dxe5 15. e4 Ne8 16. a4 Nd6 17. a5 b6 18. Ba3 Qh4 19. Qf3 f5 20. Qe3 f4 21.
Qf2 Qh5 22. Rab1 Rf6 23. Rb2 g5 24. axb6 axb6 25. Rxb6 Rh6 26. h3 Bxh3 27. Rxd6 Be6 28. Qxc5 Qh2+ 29. Kf2 Qg3+ 30. Kg1 Rc8 31. Qxc8+ Bxc8 32. Rxh6 gxh6 33. Rf3 Qe1+ 34. Nf1 Bg4 35. Rf2 Qxc3 36.
Bb2 Qxc4 37. Nd2 Qc7 38. Rf1 Qb6+ 39. Rf2 Qxb2 40. Nf3 Qa1+ 41. Rf1 Qc3 42. Kh2 Bxf3 43. Rxf3 Qd4 44. Kh3 h5 0-1

[Event "Late-Titled-Tuesday-Blitz-February-20-2024"]
[Site "Chess.com"]
[Date "2024.02.20"]
[Round "4"]
[White "kibromNNN"]
[Black "Supelyel"]
[Result "0-1"]
[WhiteElo "1737"]
[BlackElo "2401"]
[TimeControl "180+1"]
[EndTime "14:38:21 PST"]
[Termination "Supelyel won by checkmate"]

1. d4 d6 2. c4 Nf6 3. Nc3 Nbd7 4. e4 e5 5. d5 Be7 6. Be2 O-O 7. h3 Nc5 8. Qc2 a5 9. b3 c6 10. Nf3 h6 11. O-O Bd7 12. Be3 b6 13. Rfd1 cxd5 14. cxd5 Rc8 15. Nd2 b5 16. Qb2 b4 17. Na4 Nfxe4 18.
Nxe4 Nxe4 19. Bb6 Qe8 20. Bxa5 Bxa4 21. bxa4 Nc3 22. Re1 Rb8 23. Bxb4 Nxd5 24. a3 Qxa4 25. Rab1 Nf4 26. Bd1 Qa8 27. Kh1 Qxg2# 0-1

[Event "Late-Titled-Tuesday-Blitz-February-20-2024"]
[Site "Chess.com"]
[Date "2024.02.20"]
[Round "4"]
[White "bipe137"]
[Black "ProphetReborn"]
[Result "0-1"]
[WhiteElo "2534"]
[BlackElo "2845"]
[TimeControl "180+1"]
[EndTime "14:38:22 PST"]
[Termination "ProphetReborn won on time"]

1. d4 Nf6 2. c4 e6 3. Nc3 Bb4 4. Qb3 c5 5. dxc5 Qa5 6. Bd2 Na6 7.
a3 Bxc3 8. Bxc3 Nxc5 9. Qc2 Qa4 10. Qxa4 Nxa4 11. Bxf6 gxf6 12. O-O-O Ke7 13. e3 d6 14. Nf3 b6 15. b3 Nc5 16. Nd2 Bb7 17. Rg1 Rhg8 18. Kb2 f5 19. b4 Nd7 20. f3 Ne5 21.
Be2 Rg6 22. f4 Ng4 23. Bxg4 Rxg4 24. g3 h5 25. Kc3 h4 26. gxh4 Rxh4 27. Nf1 Rc8 28. Kb3 Be4 29. Rd2 d5 30. cxd5 Bxd5+ 31. Kb2 Kf6 32. Ng3 Rch8 33. Nf1 Rh3 34. Rg3 R3h6 35.
Rc2 a5 36. bxa5 bxa5 37. Rc5 Rb8+ 38. Kc2 Be4+ 39. Kc3 a4 40. Nd2 Rxh2 41. Rg1 Rd8 42. Nc4 Rc2+ 43. Kb4 Rb8+ 44. Kxa4 Rc3 45. Rc7 Bc2+ 46.
Ka5 Bd3 47. Rxf7+ Kxf7 48. Ne5+ Ke7 49. Rg7+ Kf8 50. Rf7+ Ke8 51. Ka4 Bc2+ 0-1

[Event "Late-Titled-Tuesday-Blitz-February-20-2024"]
[Site "Chess.com"]
[Date "2024.02.20"]
[Round "4"]
[White "Marianov_Podstavnikov"]
[Black "Rutricks"]
[Result "0-1"]
[WhiteElo "2528"]
[BlackElo "2699"]
[TimeControl "180+1"]
[EndTime "14:38:26 PST"]
[Termination "Rutricks won by checkmate"]

1. e4 g6 2. d4 Bg7 3. Nf3 c6 4. Nc3 d5 5. h3 dxe4 6. Nxe4 Nf6 7. Nxf6+ exf6 8. Bc4 O-O 9. O-O a5 10. a4 Na6 11. Re1 Nb4 12. c3 Nd5 13. Bd2 Be6 14.
Qe2 Re8 15. Qf1 Qd7 16. Rad1 Bf8 17. Bc1 Rab8 18. Nd2 b5 19. Bb3 Bf5 20. g4 Be6 21.
Ne4 Be7 22. Qg2 f5 23. gxf5 Bxf5 24. Kh2 Bd8 25. Nc5 Qd6+ 26. Qg3 Bc7 27. Bxd5 cxd5 28. f4 b4 29. Re5 Qf6 30. Rxd5 bxc3 31. bxc3 Rb1 32.
Re1 Rxe1 33. Qxe1 Bxf4+ 34. Bxf4 Rxe1 35. Be5 Re2+ 36. Kh1 Be4+ 37. Nxe4 Qf3+ 38. Kg1 Qg2# 0-1

[Event "Late-Titled-Tuesday-Blitz-February-20-2024"]
[Site "Chess.com"]
[Date "2024.02.20"]
[Round "4"]
[White "The_Straightforward_Rook"]
[Black "YurasovMat-2012"]
[Result "1/2-1/2"]
[WhiteElo "2463"]
[BlackElo "2609"]
[TimeControl "180+1"]
[EndTime "14:38:26 PST"]
[Termination "Game drawn by repetition"]

1. Nf3 d5 2. d4 Nf6 3. e3 c5 4. c3 Nc6 5. dxc5 a5 6. Bb5 Qc7 7. Nbd2 e5 8. b4 Bd7 9. Bxc6 Bxc6 10. O-O h5 11. a4 axb4 12. cxb4 Ng4 13. g3 Be7 14.
Bb2 Bd7 15. e4 d4 16. Nc4 Be6 17. Nb6 Rd8 18. Qd3 Kf8 19. h3 Nf6 20. Kh2 Ng4+ 21.
Kg2 Nh6 22. Rfe1 g5 23. Nd5 Bxd5 24. exd5 Rxd5 25. Qe4 Qd8 26. Nxe5 Bf6 27. Nc4 Nf5 28. Rad1 Kg7 29. Nd6 Rxd6 30. cxd6 Qd7 31. Bxd4 Nxd4 32.
Rxd4 Bxd4 33. Qxd4+ Kg6 34. Qe4+ Kh6 35. h4 gxh4 36.
Qf4+ Kg6 37. Qe4+ Kg7 38. Qe5+ Kg6 39. Qe4+ Kg7 40. Qe5+ Kg6 41. Qxh8 Qc6+ 42. Kg1 h3 43. Qg8+ Kh6 44. Qh8+ Kg6 45. Qg8+ Kh6 46. Qh8+ Kg6 1/2-1/2

[Event "Late-Titled-Tuesday-Blitz-February-20-2024"]
[Site "Chess.com"]
[Date "2024.02.20"]
[Round "4"]
[White "JonSnowNW1"]
[Black "miraitrunks"]
[Result "1-0"]
[WhiteElo "2496"]
[BlackElo "2198"]
[TimeControl "180+1"]
[EndTime "14:38:26 PST"]
[Termination "JonSnowNW1 won on time"]

1. c4 c5 2. Nc3 Nc6 3. g3 g6 4.
Bg2 Bg7 5. Nf3 e5 6. O-O d6 7.
Ne1 Be6 8. d3 Nge7 9. Nc2 Qd7 10. Re1 Bh3 11. Bh1 O-O 12. Ne3 f5 13. Ned5 Nxd5 14. cxd5 Ne7 15. e3 g5 16. Qh5 g4 17.
d4 Rf6 18. dxe5 dxe5 19. e4 f4 20. gxf4 exf4 21. e5 Rf5 22. e6 Qd8 23. Qh4 Qc7 24.
Nb5 Qb6 25. Qxe7 1-0

[Event "Late-Titled-Tuesday-Blitz-February-20-2024"]
[Site "Chess.com"]
[Date "2024.02.20"]
[Round "4"]
[White "Antipov_Mikhail_Al"]
[Black "MrKGG1"]
[Result "1-0"]
[WhiteElo "2954"]
[BlackElo "2589"]
[TimeControl "180+1"]
[EndTime "14:38:28 PST"]
[Termination "Antipov_Mikhail_Al won by checkmate"]

1. e4 e6 2. d4 d5 3. Nd2 c5 4. Ngf3 cxd4 5. exd5 Qxd5 6. Bc4 Qd7 7. O-O a6 8. a4 Nc6 9. Nb3 Nf6 10. Qe2 Qc7 11.
Rd1 Bd6 12. Nbxd4 Nxd4 13. Rxd4 O-O 14. b3 Bc5 15. Bf4 Qe7 16. Rd2 b6 17. Ne5 Bb7 18.
Bg5 Qc7 19. Bxf6 gxf6 20. Nd7 Qc6 21. Qf1 Rfd8 22. Rad1 Kg7 23. Rd3 f5 24. Rg3+ Kh8 25.
Qd3 f6 26. Qd2 e5 27. Qh6 Rg8 28. Bxg8 Rxg8 29. Nxf6 Rxg3 30. Qxh7# 1-0

[Event "Late-Titled-Tuesday-Blitz-February-20-2024"]
[Site "Chess.com"]
[Date "2024.02.20"]
[Round "4"]
[White "Atanejhad"]
[Black "TheMagician"]
[Result "1-0"]
[WhiteElo "2436"]
[BlackElo "2201"]
[TimeControl "180+1"]
[EndTime "14:38:28 PST"]
[Termination "Atanejhad won on time"]

1. d4 Nf6 2. c4 d6 3. Nc3 g6 4. e4 Bg7 5. f3 O-O 6. Be3 Nc6 7. Nge2 e5 8. d5 Ne7 9. Qd2 Nh5 10. g4 Nf4 11.
Nxf4 exf4 12. Bxf4 f5 13. gxf5 gxf5 14. O-O-O Ng6 15.
Bg5 Qe8 16. h4 f4 17. h5 Ne5 18. Be2 h6 19. Bxf4 Rf6 20. Rdg1 Kh8 21. Be3 Bd7 22.
f4 Nf7 23. Rxg7 Kxg7 24. Bd4 Qe7 25. Bd3 Rg8 26. Rg1+ Kf8 27. Rxg8+ Kxg8 28. Qg2+ Kf8 29. Bxf6 Qxf6 30. Qg3 b6 31. Kc2 a5 32. b3 Ke7 33.
a3 Kd8 34. b4 axb4 35. axb4 Kc8 36. c5 bxc5 37. bxc5 Be8 38. Qg4+ Kd8 39. cxd6 cxd6 40. Ba6 Qd4 41. Qh4+ Kc7 42. Qe7+ Kb6 43. Qb7+ Ka5 44. Bb5 1-0

[Event "Late-Titled-Tuesday-Blitz-February-20-2024"]
[Site "Chess.com"]
[Date "2024.02.20"]
[Round "4"]
[White "laziestwin"]
[Black "DarkAlekhine"]
[Result "0-1"]
[WhiteElo "2559"]
[BlackElo "2834"]
[TimeControl "180+1"]
[EndTime "14:38:30 PST"]
[Termination "DarkAlekhine won on time"]

1. d4 Nf6 2. c4 c5 3. d5 b5 4.
cxb5 a6 5. bxa6 Bxa6 6. Nc3 d6 7. Nf3 g6 8. e4 Bxf1 9. Kxf1 Bg7 10. g3 O-O 11. Kg2 Nbd7 12. a4 Ne8 13. Re1 Qb6 14. Qc2 Nc7 15. Bg5 Rfe8 16. Bf4 Reb8 17. e5 Qxb2 18.
Qxb2 Rxb2 19. exd6 exd6 20. Ne4 Nxd5 21. Bxd6 c4 22. Rac1 c3 23. Kg1 h6 24. Red1 N7b6 25. Be5 Bxe5 26. Nxe5 Re2 27. Re1 Rxe1+ 28. Rxe1 Rxa4 29.
Nd3 Rd4 30. Ndc5 c2 31. Nb3 Rd1 32. Kf1 Nc4 33. Ke2 f5 34. Rxd1 cxd1=Q+ 35. Kxd1 fxe4 36. Ke2 Kf7 37. Nc5 Nd6 38. Nd7 Ke6 39. Nf8+ Kf6 40. Nd7+ Kf5 41. Nf8 Nf6 42. h3 h5 43. Ke3 Nc4+ 44. Kd4 Ne5 0-1

[Event "Late-Titled-Tuesday-Blitz-February-20-2024"]
[Site "Chess.com"]
[Date "2024.02.20"]
[Round "4"]
[White "Durarbayli"]
[Black "thechesscorner64"]
[Result "1-0"]
[WhiteElo "2951"]
[BlackElo "2531"]
[TimeControl "180+1"]
[EndTime "14:38:30 PST"]
[Termination "Durarbayli won by checkmate"]

1. e4 c5 2. Nf3 e6 3. d4 cxd4 4. Nxd4 a6 5. c4 Qc7 6. Nc3 d6 7. Be3 Nf6 8. Be2 b6 9. g4 Bb7 10. Qc2 Be7 11. g5 Nfd7 12. h4 Nc6 13. Nd5 Qd8 14. Nxe7 Qxe7 15. O-O-O Rc8 16. Nxc6 Bxc6 17. Kb1 Nc5 18. f3 b5 19. e5 d5 20. cxd5 Bxd5 21. Rxd5 exd5 22. Rc1 O-O 23. f4 d4 24. Bxd4 Ne6 25.
Qxc8 Nxd4 26. Bg4 h5 27. Qd7 Qxd7 28. Bxd7 Rd8 29. Rc7 Kf8 30. f5 Nf3 31. e6 fxe6 32. Bxe6 Nxh4 33. Rf7+ Ke8 34. Rxg7 Rd1+ 35. Kc2 Rf1 36.
f6 Kd8 37. Rd7+ Ke8 38. Rc7 Ng6 39. Rc8# 1-0

[Event "Late-Titled-Tuesday-Blitz-February-20-2024"]
[Site "Chess.com"]
[Date "2024.02.20"]
[Round "4"]
[White "shirovin"]
[Black "NowInChess"]
[Result "1-0"]
[WhiteElo "2100"]
[BlackElo "2284"]
[TimeControl "180+1"]
[EndTime "14:38:32 PST"]
[Termination "shirovin won on time"]

1. e4 e6 2. d3 d5 3. Nd2 Nf6 4. Ngf3 c5 5. g3 Nc6 6. Bg2 g6 7. O-O Bg7 8. Re1 O-O 9. c3 dxe4 10. dxe4 Qc7 11. Nc4 b5 12. Bf4 Qd8 13. Nd6 Nh5 14. Bg5 Qb6 15. Nxc8 Raxc8 16. e5 h6 17. g4 hxg5 18. gxh5 g4 19. Nd2 gxh5 20. f3 Nxe5 21. fxg4 c4+ 22. Kh1 Nxg4 23. Qf3 Nf2+ 24. Kg1 Nd3+ 25.
Kh1 Nxe1 26. Rxe1 Rcd8 27. Ne4 Rd3 28. Qxh5 Re3 29. Rg1 Qd8 30. Ng5 Re8 31. Qxf7+ Kh8 32. Qg6 Kg8 33. Be4 Rxe4 34. Nxe4 Qe7 35. Nf6+ Kf8 36. Nxe8 1-0

[Event "Late-Titled-Tuesday-Blitz-February-20-2024"]
[Site "Chess.com"]
[Date "2024.02.20"]
[Round "4"]
[White "Dzidzik2203"]
[Black "jsdbv18"]
[Result "0-1"]
[WhiteElo "2392"]
[BlackElo "2621"]
[TimeControl "180+1"]
[EndTime "14:38:34 PST"]
[Termination "jsdbv18 won by resignation"]

1. b3 d5 2. Bb2 e6 3. Nf3 Nf6 4. e3 Be7 5. c4 O-O 6. Nc3 c5 7. Qc2 Nc6 8. g4 d4 9. Nb1 e5 10. g5 Ne8 11. a3 Bxg5 12. Nxg5 Qxg5 13. h4 Qh6 14. Bg2 Be6 15. Bc1 Rd8 16. d3 dxe3 17. fxe3 Qg6 18. Nc3 Qxd3 19. Qxd3 Rxd3 20. Nd5 Rxb3 21.
Bd2 Bxd5 22. cxd5 Ne7 23. Rc1 b6 24. a4 Nd6 25. a5 f5 26. axb6 axb6 27. O-O Ra8 28.
Bc3 e4 29. Be5 Nf7 30. Bh2 g6 31. d6 Nd5 32. h5 Nxe3 33. hxg6 hxg6 34. Rfe1 Rd8 35.
Bf4 Nxg2 36. Kxg2 Nxd6 37. Red1 Rd3 38. Rh1 Nf7 39. Rb1 Rf3 40. Bc7 Rd2+ 41. Kg1 b5 42. Ra1 f4 43. Bb6 Rd5 44. Bc7 Rg5+ 45. Kh2 Rh5+ 46.
Kg2 Rxh1 47. Rxh1 b4 48. Kh2 b3 49. Rd1 c4 50. Rb1 Rd3 51. Rc1 c3 52. Rd1 Rxd1 0-1

[Event "Late-Titled-Tuesday-Blitz-February-20-2024"]
[Site "Chess.com"]
[Date "2024.02.20"]
[Round "4"]
[White "CRObliterator"]
[Black "jaskol95"]
[Result "0-1"]
[WhiteElo "2368"]
[BlackElo "2609"]
[TimeControl "180+1"]
[EndTime "14:38:35 PST"]
[Termination "jaskol95 won by resignation"]

1. e4 d5 2. exd5 Nf6 3. d4 Bg4 4. Be2 Bxe2 5. Nxe2 Qxd5 6. O-O e6 7. Nbc3 Qh5 8. Ng3 Qxd1 9. Rxd1 c6 10. Nge4 Nbd7 11. Bg5 Be7 12. Bxf6 Nxf6 13. Nxf6+ gxf6 14. Rd3 O-O-O 15. Rad1 f5 16. Ne2 Bf6 17. Kf1 Kc7 18. Nc1 Rhg8 19. Nb3 Rg4 20. h3 Rgg8 21. R3d2 b6 22.
a4 Be7 23. Rd3 Rd7 24. Nd2 Rgd8 25. Nf3 Bf6 26. Ne5 Bxe5 27. dxe5 Rxd3 28. Rxd3 Rxd3 29. cxd3 b5 30. axb5 cxb5 31. b4 Kb6 32. g4 fxg4 33. hxg4 a5 34. bxa5+ Kxa5 35. Ke2 Kb4 36. Kd2 Ka3 37.
Kc2 b4 38. Kb1 Kb3 39. f4 Kc3 40. f5 Kxd3 0-1

[Event "Late-Titled-Tuesday-Blitz-February-20-2024"]
[Site "Chess.com"]
[Date "2024.02.20"]
[Round "4"]
[White "jodarmarlon1985"]
[Black "maurovargas01"]
[Result "1-0"]
[WhiteElo "2237"]
[BlackElo "1867"]
[TimeControl "180+1"]
[EndTime "14:38:36 PST"]
[Termination "jodarmarlon1985 won on time"]

1. e4 d5 2. exd5 Qxd5 3. Nc3 Qa5 4. d4 c6 5. Nf3 Nf6 6. Bc4 Bg4 7. h3 Bh5 8. g4 Bg6 9. Ne5 Nbd7 10. Qe2 Nxe5 11.
dxe5 Ne4 12. O-O Nxc3 13. bxc3 Qxc3 14. Rb1 b6 15. e6 Qxh3 16. exf7+ Bxf7 17. Bxf7+ Kxf7 18. Qc4+ e6 19. Re1 Re8 20. Rb3 Qh4 21. Rbe3 Qf6 22.
Bb2 Qg6 23. Qxc6 Bc5 24. Rf3+ Kg8 25. Re4 h5 26. g5 h4 27. Bc1 h3 28. Kh2 Rh5 29.
Ref4 Kh7 30. Rg4 e5 31. Qe4 Qxe4 32. Rxe4 Kg6 33. Be3 Bxe3 34. Rfxe3 1-0

[Event "Late-Titled-Tuesday-Blitz-February-20-2024"]
[Site "Chess.com"]
[Date "2024.02.20"]
[Round "4"]
[White "djano"]
[Black "Dinamo3"]
[Result "1/2-1/2"]
[WhiteElo "2662"]
[BlackElo "2522"]
[TimeControl "180+1"]
[EndTime "14:38:38 PST"]
[Termination "Game drawn by repetition"]

1. e4 c5 2. Nc3 a6 3. g3 b5 4. Bg2 Bb7 5. d3 e6 6. Nh3 Nf6 7. O-O b4 8. Na4 d6 9. f4 Nc6 10. f5 e5 11. b3 Be7 12. Nb2 a5 13. a4 Nd4 14. Nc4 Qc7 15. Bd2 Nd7 16. Ne3 Nb6 17. g4 h6 18. Rf2 Qd7 19. c3 bxc3 20.
Bxc3 Nc6 21. Nc4 Nxc4 22. bxc4 Nb4 23. Kh1 Bc6 24. Ng1 Bg5 25. Nf3 Be3 26. Rf1 Rb8 27. Ng1 Bd4 28. Ne2 Bxc3 29. Nxc3 Qe7 30. Qe2 Qg5 31.
Bf3 Kd7 32. Nb5 Qf6 33. Rg1 Qg5 34. Rg2 Ra8 35. Rag1 Rag8 36. Qd1 Qe3 37. Be2 f6 38. Rg3 Qg5 39. Nc3 Rb8 40. Nb5 Qf4 41. Rf3 Qg5 42. Rh3 Na2 43. Qb3 Nb4 44. Qd1 Na2 45. Qc2 Nb4 46. Qd1 1/2-1/2

[Event "Late-Titled-Tuesday-Blitz-February-20-2024"]
[Site "Chess.com"]
[Date "2024.02.20"]
[Round "4"]
[White "el008"]
[Black "vanyakuba"]
[Result "1/2-1/2"]
[WhiteElo "2545"]
[BlackElo "2381"]
[TimeControl "180+1"]
[EndTime "14:38:39 PST"]
[Termination "Game drawn by stalemate"]

1. Nf3 d5 2. c4 e6 3. b3 c5 4. e3 d4 5. exd4 cxd4 6. d3 Nc6 7. a3 a5 8. g3 Nf6 9. Bg2 Be7 10. O-O O-O 11. Re1 Nd7 12. Bf4 Nc5 13. Bc1 Re8 14. Qc2 Bf8 15. Bf4 e5 16. Nxe5 Nxe5 17. Rxe5 Rxe5 18. Bxe5 Bf5 19. Bf1 a4 20. b4 Nb3 21.
Ra2 Qe7 22. Bf4 g5 23. Bd2 Re8 24. Qd1 Qe6 25. Rb2 Bg4 26. f3 Bf5 27. Rxb3 axb3 28. Qxb3 h6 29. a4 Bd6 30. Na3 h5 31. Nb5 Bb8 32. Nxd4 Ba7 33. c5 Qxb3 34. Nxb3 Rd8 35. d4 Bc2 36. Na5 Rxd4 37. Bc3 Rd1 38. Kf2 Bxa4 39. Nxb7 Bc6 40. Nd6 Bxf3 41. Bc4 Bc6 42. Bxf7+ Kf8 43. Bxh5 Rc1 44. Bf6 Rc2+ 45. Ke3 Bxc5+ 46.
bxc5 Rxc5 47. Bd4 Rc1 48. Nf5 Bd7 49. Bg7+ Kg8 50. Bb2 Rc2 51. Ne7+ Kf8 52. Ng6+ Kg8 53. Bd4 Rxh2 54. Bf3 Rh3 55. Bd5+ Kh7 56. Kf2 Rh2+ 57. Kg1 Rd2 58. Nf8+ Kh6 59. Nxd7 Rxd4 60. Be6 Rd6 61. Bh3 g4 62. Bxg4 Kg5 63. Bh3 Rd3 64.
Kf2 Rd2+ 65. Ke3 Rh2 66. Be6 Rg2 67. Kf3 Rb2 68. Nc5 Rc2 69. Ne4+ Kg6 70. Bg4 Rc1 71. Kg2 Kg7 72. Bf5 Rc2+ 73. Kh3 Rc1 74. Kg4 Rf1 75. Kg5 Rg1 76. g4 Ra1 77. Nf6 Ra6 78.
Nh5+ Kf8 79. Bg6 Ra5+ 80. Kh6 Ra6 81. g5 Ra7 82. Bf5 Ra1 83. g6 Rg1 84. g7+ Kf7 85.
Bc2 Rxg7 86. Nxg7 Kf6 87. Nh5+ Ke5 88. Kg5 Kd4 89. Kf4 Kc3 90. Be4 Kd4 91. Nf6 Kc3 92. Ke3 Kc4 93. Nd7 Kc3 94. Bd5 Kb4 95. Kd4 Ka3 96. Kc3 Ka4 97. Bc4 Ka3 98. Bd5 Ka4 99.
Nc5+ Ka3 100. Ne4 Ka4 101. Nd2 Ka3 102. Nb1+ Ka4 103. Kc4 Ka5 104. Kc5 Ka4 105. Bc4 Ka5 106. Nc3 1/2-1/2